AoeStats
← ogipochi_

Black Forest

504916614Analyzed
4v4 RM · 26d ago on Sep 7, 2026· 13m 49s· 8 players
Game mode
Random Map
Map size
Large (8 player)
Population
200
Speed
Normal
Resources
Standard
Victory
Conquest
Starting age
Dark Age
Ending age
Imperial Age
RankedLock teamsTeams togetherTeam positionsShared explorationLock speedFull tech treeHidden civsTurbo modeCheats
Victory
Defeat
🇦🇷 Maya · Argentina
932
+14
🇵🇪 Hindustanis · Peru
886
+15
884
+16
🇺🇸 Khmer · United States
823
+18
🇺🇸 Berbers · United States
937
-19
🇯🇵 Spanish · Japan
880
-16
🇺🇸 Aztecs · United States
854
-15
🇲🇽 Chinese · Mexico
821
-13
ogipochi_
0:40 Loom
12:25 Feudal Age
MonsterSmeat
1:28 Loom
11:30 Feudal Age
timodraw
13:50 Feudal Age
pawpi
0:53 Loom
12:50 Feudal Age
13:51 Horse Collar
DS_lenino
0:46 Loom
12:27 Feudal Age
16:28 Castle Age
marshall_o18
0:45 Loom
11:52 Feudal Age
make wall ,door and market well?
0:30 Loom
9:53 Feudal Age
16:06 Castle Age
diegotapia
0:36 Loom
12:06 Feudal Age
13:22 Double-Bit Axe
Connection lost

Rejoining the realm…

Still unreachable

The connection could not be restored.

Session expired

The server has moved on; the page needs a fresh start.